 Dungeon Crawl Stone Soup version 0.29-a0-384-g6960b1960d (webtiles) character file.

Game seed: 191645144246487567

18 zeratav the Shooter (level 2, -4/17 HPs)
             Began as a Tengu Hunter on May 6, 2022.
             Slain by a gnoll
             ... wielding a +0 whip
              (8 damage)
             ... on level 1 of the Dungeon.
             The game lasted 00:00:37 (805 turns).

zeratav the Shooter (Tengu Hunter)                   Turns: 805, Time: 00:00:38

Health: -4/17      AC:  3    Str: 11    XL:     2   Next: 66%
Magic:  3/3        EV: 12    Int:  9    God:
Gold:   61         SH:  0    Dex: 17    Spells: 1/1 levels left

rFire   . . .      SeeInvis .   a - +1 shortbow {bow}
rCold   . . .      Faith    .   (shield currently unavailable)
rNeg    . . .      Spirit   .   b - +0 leather armour
rPois   .          Reflect  .   (helmet restricted)
rElec   .          Harm     .   (no cloak)
rCorr   .          Rampage  .   (no gloves)
Will    .....                   (boots unavailable)
Stlth   ++........              (no amulet)
HPRegen 0.05/turn               (no ring)
MPRegen 0.08/turn               (no ring)

@: no status effects
A: beak, talons 3
a: no special abilities


You were on level 1 of the Dungeon.
You visited 1 branch of the dungeon, and saw 1 of its levels.

You collected 61 gold pieces.


Innate Abilities, Weirdness & Mutations

You have a beak for a mouth.
You have claws for feet.


   Skills:
 - Level 2.0 Fighting
 + Level 5.2 Bows
 - Level 2.1 Dodging
 - Level 1.0 Stealth


You had one spell level left.
You didn't know any spells.
Your spell library was empty.

Inventory:

Hand Weapons
 a - a +1 shortbow (weapon) {bow}
Armour
 b - a +0 leather armour (worn)
 d - a +0 ring mail
   (You found it on level 1 of the Dungeon)
 i - a +0 leather armour
   (You found it on level 1 of the Dungeon)
 j - a +0 ring mail
   (You found it on level 1 of the Dungeon)
Scrolls
 c - 2 scrolls of immolation {!r!r}
 h - a scroll of blinking {unknown}
Potions
 e - a potion of curing {unknown}
 f - a potion of resistance {unknown}
 g - 2 potions of haste {unknown}

Dungeon Overview and Level Annotations

Branches:
Dungeon (1/15)

Altars:

#.....#.........#####....########
#.....#.............'............
#...................#....########
#.....#.........###.#.......#
#.....##........# #.#.......#
#.....########### #.#.......#####
####'## ##### #.#............
####.########...###.#.......#####
#...........'...@.#.#..#.......##
#.....#######...#g#.#............
#.....#######...#(#.#............
#####......##...#.#.#............
#####......##...#.#.#.#...#######
#...#......######.#.#.#...#
#...#......## .#.#.#...#
..(.......... .#.#'######
#...###############........#


You could see a gnoll.


Message History

You kill the giant cockroach!
You shoot an arrow. The arrow closely misses the goblin.
You shoot an arrow. The arrow barely misses the goblin.
The goblin closely misses you.
You shoot an arrow. The arrow closely misses the goblin.
The goblin completely misses you.
You shoot an arrow. The arrow hits the goblin.
You kill the goblin!
No target in view!
No target in view!
No target in view!
No target in view!
No target in view!
No target in view!
No target in view!
No target in view!
No target in view!
No target in view!
No target in view!
No target in view!
No target in view!
No target in view!
No target in view!
No target in view!
No target in view!
No target in view!
No target in view!
No target in view!
No target in view!
No target in view!
No target in view!
No target in view!
No target in view!
No target in view!
Things that are here:
a +0 dagger {short}; a goblin corpse
Things that are here:
a +0 dagger {short}; 2 stones {throwing}; a kobold corpse
There is an open door here.
You open the door.
There is an open door here.
A gnoll comes into view. It is wielding a +0 whip.
A gnoll is nearby!
You shoot an arrow.
The arrow hits the gnoll but does no damage.
The gnoll shouts!
You shoot an arrow. The arrow closely misses the gnoll.
You shoot an arrow. The arrow hits the gnoll.
The gnoll completely misses you.
You shoot an arrow. The arrow barely misses the gnoll.
The gnoll hits you with a +0 whip.
HP[-6]
You take 6 damage, and now have 11/17 hp.
MASSIVE DAMAGE!! (PAUSE)
You are too injured to fight recklessly!
You are too injured to fight recklessly!
You are too injured to fight recklessly!
You are too injured to fight recklessly!
You are too injured to fight recklessly!
You are too injured to fight recklessly!
You are too injured to fight recklessly!
You are too injured to fight recklessly!
You are too injured to fight recklessly!
You are too injured to fight recklessly!
You are too injured to fight recklessly!
You are too injured to fight recklessly!
You are too injured to fight recklessly!
You are too injured to fight recklessly!
You are too injured to fight recklessly!
Shoot: a) +1 shortbow {bow}
Press: ? - help, Q - select action Shift-Dir - straight line, f/p - gnoll
Aim: a gnoll, wielding a +0 whip (moderately wounded, 68% to hit)
You shoot an arrow. The arrow barely misses the gnoll.
The gnoll hits you with a +0 whip!
* * * LOW HITPOINT WARNING * * *
The gnoll closely misses you.
Shoot: a) +1 shortbow {bow}
Press: ? - help, Q - select action Shift-Dir - straight line, f/p - gnoll
Aim: a gnoll, wielding a +0 whip (moderately wounded, 68% to hit)
You shoot an arrow. The arrow hits the gnoll.
The gnoll barely misses you.
Shoot: a) +1 shortbow {bow}
Press: ? - help, Q - select action Shift-Dir - straight line, f/p - gnoll
Aim: a gnoll, wielding a +0 whip (severely wounded, 68% to hit)
You shoot an arrow.
The arrow hits the gnoll but does no damage.
The gnoll closely misses you.
HP[-7]
You take 7 damage, and now have 4/17 hp.
MASSIVE DAMAGE!! (PAUSE) Shoot: a) +1 shortbow {bow}
Press: ? - help, Q - select action Shift-Dir - straight line, f/p - gnoll
Aim: a gnoll, wielding a +0 whip (severely wounded, 68% to hit)
You shoot an arrow. The arrow hits the gnoll.
The gnoll barely misses you.
Shoot: a) +1 shortbow {bow}
Press: ? - help, Q - select action Shift-Dir - straight line, f/p - gnoll
Aim: a gnoll, wielding a +0 whip (severely wounded, 68% to hit)
You shoot an arrow. The arrow barely misses the gnoll.
The gnoll hits you with a +0 whip!
You die...

Skill      XL: |  1  2 |
---------------+-------+-----
Bows           | 5 |  5.2
Fighting       | |  2.0
Dodging        | |  2.1
Stealth        | |  1.0

Action                   || total
-------------------------++-------
 Fire: Shortbow          ||    35
Armor: Leather armour    ||     2
Dodge: Dodged            ||     7

Levels and vault maps discovered:
D:1:      lemuel_arrival_lava_pool, layout_basic, minmay_tromino_v4_c

Notes
Turn   | Place    | Note
-------+----------+-------------------------------------------
     0 | D:1      | zeratav the Tengu Hunter began the quest for the Orb.
     0 | D:1      | Reached XP level 1. HP: 12/12 MP: 2/2
     0 | D:1      | magus.rc [v1.9.6]
   270 | D:1      | Reached XP level 2. HP: 17/17 MP: 3/3
   346 | D:1      | Reached skill level 5 in Bows
   801 | D:1      | HP: 4/17 [gnoll/+0 whip (7)]
   805 | D:1      | Slain by a gnoll

Vanquished Creatures
  A dart slug (D:1)
  A ball python (D:1)
  3 bats (D:1)
  2 giant cockroaches (D:1)
  A goblin (D:1)
  A hobgoblin (D:1)
  A kobold (D:1)
  A quokka (D:1)
  2 frilled lizards (D:1)
  2 rats (D:1)
15 creatures vanquished.

Table legend:
 A = Non-vault XP
 B = Vault XP
 C = Vault XP percentage of total XP
 D = Non-vault monster count
 E = Vault monster count
 F = Vault count percentage of total count
                 A         B        C        D         E       F
            +---------+---------+-------+---------+---------+-------
      Total |      26 |       0 |   0.0 |      15 |       0 |   0.0
            +---------+---------+-------+---------+---------+-------
        D:1 |      26 |       0 |   0.0 |      15 |       0 |   0.0
            +---------+---------+-------+---------+---------+-------

Illustrated notes

Table legend:
 A = Kills in this place as a percentage of kills in entire the game.
 B = Kills by you in this place as a percentage of kills by you in the entire game.
 C = Kills by friends in this place as a percentage of kills by friends in the entire game.
 D = Other kills in this place as a percentage of other kills in the entire game.
 E = Experience gained in this place as a percentage of experience gained in the entire game.
 F = Experience gained in this place divided by the number of levels of this place that you have seen.
                   A       B       C       D       E      F
               +-------+-------+-------+-------+-------+----------------------
         Total | 100.0 | 100.0 |   N/A |   N/A | 100.0 |  26.0
       Dungeon | 100.0 | 100.0 |   N/A |   N/A | 100.0 |  26.0
               +-------+-------+-------+-------+-------+----------------------

Table legend: (Time is in decaauts)
 A = Elapsed time spent in this place.
 B = Non-inter-level travel time spent in this place.
 C = Inter-level travel time spent in this place.
 D = Time resting spent in this place.
 E = Time spent auto-exploring this place.
 F = Levels seen in this place.
 G = Mean time per level.
                   A        B        C        D        E       F      G
               +--------+--------+--------+--------+--------+-----+--------+
         Total |    814 |    814 |      0 |      0 |    748 |   1 |  814.0 |
       Dungeon |    814 |    814 |      0 |      0 |    748 |   1 |  814.0 |
               +--------+--------+--------+--------+--------+-----+--------+

Top non-repeatable levels by time:
     D:1: 814 daAuts
